 Dungeon Crawl Stone Soup version 0.29-a0-233-g1125b37a9b (webtiles) character file.

Game seed: 12557569071705193927

494 kae the Chopper (level 6, -7/56 HPs)
             Began as a Minotaur Fighter on Mar 1, 2022.
             Was an Initiate of Makhleb.
             Mangled by Edmund
             ... wielding a +1 dire flail of protection
              (10 damage)
             ... on level 6 of the Dungeon.
             The game lasted 00:02:50 (4065 turns).

kae the Chopper (Minotaur Fighter)                  Turns: 4065, Time: 00:02:50

Health: -7/56      AC:  7    Str: 26    XL:     6   Next: 92%
Magic:  4/4        EV:  9    Int:  5    God:    Makhleb [......]
Gold:   163        SH:  6    Dex: 10    Spells: 5/5 levels left

rFire   . . .      SeeInvis .   a - +1 war axe
rCold   . . .      Faith    .   c - +1 buckler
rNeg    . . .      Spirit   .   b - +0 scale mail
rPois   .          Reflect  .   (helmet restricted)
rElec   .          Harm     .   (no cloak)
rCorr   .          Rampage  .   (no gloves)
Will    .....                   (no boots)
Stlth   ..........              (no amulet)
HPRegen 0.18/turn               (no ring)
MPRegen 0.09/turn               (no ring)

@: brilliant
A: horns 2, retaliatory headbutt, low MP 1, strong 2
a: Renounce Religion


You were on level 6 of the Dungeon.
You worshipped Makhleb.
Makhleb was noncommittal.
You visited 2 branches of the dungeon, and saw 6 of its levels.

You collected 163 gold pieces.

Inventory:

Hand Weapons
 a - a +1 war axe (weapon)
Armour
 b - a +0 scale mail (worn)
 c - a +1 buckler (worn)
Jewellery
 l - an amulet of regeneration
Wands
 k - a wand of flame (20)
Potions
 d - a potion of might
 f - a potion of flight
 g - a potion of mutation


   Skills:
 + Level 5.3 Fighting
 * Level 5.9 Axes
 + Level 5.2 Armour
 + Level 5.3 Shields
 + Level 0.4 Invocations


You had 5 spell levels left.
You didn't know any spells.
Your spell library contained the following spells:

 Spells                   Type           Power      Damage    Failure   Level
 Fulminant Prism          Conj/Hex       0%         3d6       100%        4
 Iskenderun's Mystic Bla  Conj/Tloc      0%         2d3       100%        4
 Lee's Rapid Deconstruct  Erth           0%         3d5*      100%        5


Dungeon Overview and Level Annotations

Branches:
Dungeon (4/15)             Temple (1/1) D:4

Altars:
Ashenzari
Cheibriados
Dithmenos
Elyvilon
Fedhas
Gozag
Hepliaklqana
Kikubaaqudgha
Makhleb
Nemelex Xobeh
Okawaru
Qazlal
Ru
Sif Muna
Trog
Uskayaw
Vehumet
Wu Jian
Xom
Yredelemnul
Zin
The Shining One

Shops:
D:3 [

Annotations:
D:4 Robin
D:6 Edmund


Innate Abilities, Weirdness & Mutations

You have a pair of horns on your head.
You reflexively headbutt those who attack you in melee.
Your magical capacity is low. (-10% MP)
Your muscles are very strong. (Str +4)


Message History

Edmund is moderately wounded.
Edmund hits you with a +1 dire flail of protection!
You closely miss Edmund.
Edmund is moderately wounded.
Edmund barely misses you.
You closely miss Edmund. Your headbutt misses Edmund.
Edmund is moderately wounded.
You block Edmund's attack.
You completely miss Edmund.
Edmund is moderately wounded.
Edmund hits you but does no damage.
You hit Edmund. Your headbutt misses Edmund.
Edmund is heavily wounded.
Edmund hits you with a +1 dire flail of protection!
Edmund hits you with a +1 dire flail of protection.
You are too injured to fight recklessly!
You are too injured to fight recklessly!
You are too injured to fight recklessly!
You are too injured to fight recklessly!
You are too injured to fight recklessly!
You are too injured to fight recklessly!
You closely miss Edmund. Your headbutt misses Edmund.
Edmund is heavily wounded.
You block Edmund's attack.
You barely miss Edmund.
Edmund is heavily wounded.
Edmund hits you with a +1 dire flail of protection!
* * * LOW HITPOINT WARNING * * *
You barely miss Edmund. You headbutt Edmund, but do no damage.
Edmund is heavily wounded.
Edmund hits you with a +1 dire flail of protection!
* * * LOW HITPOINT WARNING * * *
It was a potion of mutation.
You feel extremely strange.
You feel stronger.
You feel less energetic.
You feel stronger.
Edmund hits you with a +1 dire flail of protection.
* * * LOW HITPOINT WARNING * * *
It was a potion of brilliance.
You feel clever all of a sudden.
Edmund hits you with a +1 dire flail of protection!
You die...

#..#...###.#
##(..###...##
..... .#.#
#...#..# ....
##
#...####.###
... ...#
#..#.##.. #.
##.##... #
#..#..#
##.##@#
#....@#
#...#####
#...## ...##
.#


You could see Edmund.

Vanquished Creatures
  A water moccasin (D:3)
  A phantom (D:4)
  A howler monkey (D:4)
  2 hounds
  Terence (D:3)
  An iguana (D:6)
  8 adders
  A white imp (D:3)
  2 worms (D:2)
  5 dart slugs
  6 orcs (D:3)
  3 endoplasms
  3 giant cockroaches
  2 goblins
  7 hobgoblins
  4 jackals (D:1)
  3 quokkas
  5 ball pythons
  2 bats
  6 frilled lizards
  10 kobolds
  4 rats
78 creatures vanquished.

Notes
Turn   | Place    | Note
-------+----------+-------------------------------------------
     0 | D:1      | kae the Minotaur Fighter began the quest for the Orb.
     0 | D:1      | Reached XP level 1. HP: 19/19 MP: 0/0
    23 | D:1      | Reached XP level 2. HP: 12/27 MP: 1/1
   442 | D:1      | Found a faded altar of an unknown god.
   823 | D:2      | Reached XP level 3. HP: 29/33 MP: 2/2
  1299 | D:2      | Reached XP level 4. HP: 38/40 MP: 3/3
  2457 | D:3      | Noticed Terence
  2461 | D:3      | Killed Terence
  2468 | D:3      | Found an ancient bone altar of Kikubaaqudgha.
  2469 | D:3      | Found a hide-covered altar of Uskayaw.
  2540 | D:3      | Reached XP level 5. HP: 45/47 MP: 4/4
  2548 | D:3      | Noticed a water moccasin
  2562 | D:3      | Killed a water moccasin
  2563 | D:3      | Reached skill level 5 in Axes
  2852 | D:3      | Found Gaweal's Armour Boutique.
  3075 | D:4      | Reached XP level 6. HP: 48/55 MP: 5/5
  3120 | D:4      | Found a staircase to the Ecumenical Temple.
  3142 | Temple   | Entered the Ecumenical Temple
  3334 | Temple   | Became a worshipper of Makhleb the Destroyer
  3433 | D:4      | Reached skill level 5 in Fighting
  3433 | D:4      | Reached skill level 5 in Shields
  3502 | D:4      | Reached skill level 5 in Armour
  3697 | D:4      | Found a hazy altar of Hepliaklqana.
  3697 | D:4      | Found a shadowy altar of Dithmenos.
  3699 | D:4      | Noticed a shadow
  3789 | D:4      | Noticed Robin
  3789 | D:4      | You fall into a shaft and drop 2 floors!
  4053 | D:6      | Noticed Edmund
  4064 | D:6      | Gained mutation: Your muscles are strong. (Str +2) [potion
                  | of mutation]
  4064 | D:6      | Gained mutation: Your magical capacity is low. (-10% MP)
                  | [potion of mutation]
  4064 | D:6      | Gained mutation: Your muscles are very strong. (Str +4)
                  | [potion of mutation]
  4065 | D:6      | Mangled by Edmund

Illustrated notes

Levels and vault maps discovered:
D:1:      tarquinn_simple_flora_water_c, layout_loops_ring,
          basic_ecumenical_altar
D:2:      layout_basic, minmay_surrounded
D:3:      layout_rooms, mainiacjoe_overflow_divided_tiny, serial_shops,
          nicolae_square_shop, uniq_terence
D:4:      layout_loops_ring, riverfiend_overflow_shadow_ancestor,
          minmay_temple_entry_waves, nicolae_zen_rock_garden, uniq_pikel,
          uniq_crazy_yiuf_cottage, uniq_robin
D:6:      minmay_skewed_foursquare, layout_layer_cave,
          cheibrodos_sewer_entry_sluice, roderic_serpentine_path, uniq_edmund
Temple:   eino_narrow_crystal_temple

Skill      XL: |  1  2  3  4  5  6 |
---------------+-------------------+-----
Axes           | 3 4 5 |  5.9
Shields        | 4 5 |  5.3
Armour         | 4 5 |  5.2
Fighting       | 4 5 |  5.3
Invocations    | |  0.4

Action                   |  1- 3 |  4- 6 || total
-------------------------+-------+-------++-------
Melee: War axe           |    68 |   111 ||   179
       Headbutt          |     4 |     8 ||    12
  Use: Scroll            |     3 |     8 ||    11
       Potion            |       |     3 ||     3
Armor: Scale mail        |    32 |    33 ||    65
Dodge: Dodged            |    43 |    41 ||    84
Block: Buckler           |    20 |    33 ||    53

Table legend: (Time is in decaauts)
 A = Elapsed time spent in this place.
 B = Non-inter-level travel time spent in this place.
 C = Inter-level travel time spent in this place.
 D = Time resting spent in this place.
 E = Time spent auto-exploring this place.
 F = Levels seen in this place.
 G = Mean time per level.
                   A        B        C        D        E       F      G
               +--------+--------+--------+--------+--------+-----+--------+
         Total |   4140 |   3989 |    151 |    514 |   2939 |   6 |  690.0 |
       Dungeon |   3932 |   3812 |    120 |    514 |   2774 |   5 |  786.4 |
        Temple |    207 |    176 |     31 |      0 |    165 |   1 |  207.0 |
               +--------+--------+--------+--------+--------+-----+--------+

Top non-repeatable levels by time:
     D:2: 1398 daAuts
     D:3: 904 daAuts
     D:1: 827 daAuts
     D:4: 520 daAuts
     D:6: 281 daAuts
  Temple: 207 daAuts
